 Dungeon Crawl Stone Soup version 0.31.0-1-g2c135a008e (console) character file.

Game seed: 6715934086930574167

924 AlterAsc the Changeling (level 7, -1/36 HPs)
             Began as a Spriggan Shapeshifter on Jan 21, 2024.
             Killed from afar by a white imp (12 damage)
             ... with a puff of frost
             ... on level 5 of the Dungeon.
             The game lasted 00:15:46 (5824 turns).

AlterAsc the Changeling (Spriggan Shapeshifter)     Turns: 5824, Time: 00:15:46

Health: -1/36      AC:  0    Str: 10    XL:     7   Next: 84%
Magic:  8/8        EV: 24    Int: 17    God:
Gold:   240        SH:  0    Dex: 17    Spells: 6/6 levels left

rFire   . .          .
                       - Unarmed
rCold   . . .        (shield currently unavailable)
rNeg    . . .        a - melded +0 animal skin
rPois   .            (helmet restricted)
rElec   .            (no cloak)
rCorr   .            (gloves unavailable)
SInv    +            (boots unavailable)
Will    +....        (no amulet)
Stlth   +            e - +6 ring of intelligence
HPRegen 0.26/turn    (no ring)
MPRegen 0.11/turn

%: no passive effects
@: flux-form, glowing, very quick
A: glow, contaminating, very small, no large weapons, unfitting armour, see
invisible, speed 3
a: Begin Untransformation


You were on level 5 of the Dungeon.
You were something dangerously unstable.
You visited 1 branch of the dungeon, and saw 5 of its levels.

You collected 240 gold pieces.

Inventory:

Hand Weapons
 g - a +0 club
 t - the +8 hammer "Xiroce Huog" {venom, rN+ SInv}
   (You found it on level 5 of the Dungeon)

   rN+:       It protects you from negative energy.
   SInv:      It lets you see invisible.
Missiles
 m - 9 poisoned darts (quivered)
Armour
 a - a +0 animal skin (melded)
Jewellery
 e - a +6 ring of intelligence (left hand)
Talismans
 c - a beast talisman
 d - a flux talisman (active)
 p - a maw talisman
Wands
 q - a wand of polymorph (1)
 u - a wand of roots (14)
Scrolls
 j - 2 scrolls of immolation {unknown}
 k - 2 scrolls of fear {unknown}
 l - a scroll of noise {unknown}
 n - 2 scrolls of identify
 o - 2 scrolls of enchant weapon {unknown}
 s - a scroll of poison {unknown}
Potions
 b - 4 potions of lignification
 f - 3 potions of curing
 h - a potion of heal wounds {unknown}
 i - 2 potions of haste {unknown}
 r - a potion of enlightenment {unknown}


   Skills:
 + Level 3.3 Fighting
 + Level 6.0 Dodging
 + Level 4.6 Unarmed Combat
 + Level 7.0 Shapeshifting


You had 6 spell levels left.
You didn't know any spells.
Your spell library contained the following spells:

 Spells                   Type           Power      Damage    Failure   Level
 Apportation              Tloc           0%         N/A       24%         1
 Jinxbite                 Hex            0%         N/A       34%         2
 Alistair's Intoxication  Alch           0%         N/A       100%        5


Dungeon Overview and Level Annotations

Branches:
Dungeon (5/15)
 Temple: D:4-7

Altars:
Ashenzari
Xom

Shops:
D:5 **[

Annotations:
D:3 2 transporters
D:5 Prince Ribbit


Innate Abilities, Weirdness & Mutations

You are something dangerously unstable.
You glow with magical radiation, making you easy to see and hit.
Foes you strike become dangerously contaminated with magical radiation.
You are incapable of wielding weapons or throwing items.
You are very small and have problems with some larger weapons.
You are too small for most types of armour.
You have supernaturally acute eyesight. (SInv)
You cover ground extremely quickly. (Speed+++)


Message History

An adder comes into view.
Found a bronze wand.
An adder is nearby!
You closely miss the adder. The adder completely misses you.
You hit the adder but do no damage.
The adder begins to glow.
The adder completely misses you.
You hit the adder.
The adder glows dangerously bright.
The adder is heavily wounded.
The adder misses you.
You hit the adder.
The adder shudders as magic cascades through it.
You kill the adder!
You see here an adder corpse.
An ogre and a white imp come into view.
Found 13 gold pieces.
The white imp shouts!
Found a flail.
The white imp gestures at you. The puff of frost hits you.
You see here a wand of roots (14).
u - a wand of roots (14)
The white imp grinds its teeth.
The white imp closely misses you.
You hit the white imp but do no damage.
The white imp begins to glow.
The white imp hits you. The white imp freezes you.
You hit the white imp but do no damage.
The white imp glows dangerously bright.
The white imp completely misses you.
You hit the white imp.
The white imp shudders as magic cascades through it.
The white imp twists and deforms.
The white imp is moderately wounded.
The white imp barely misses you.
You closely miss the white imp.
The white imp is moderately wounded.
The white imp closely misses you.
You hit the white imp.
The white imp begins to glow.
The white imp is severely wounded.
The ogre hits you with a +0 giant club!!
Ouch! That really hurt!
The white imp gestures at you. The puff of frost hits you!
You die...

#.# #.##
#.#.###........
#.# #.# #.#.#
######.##
#.#######.## #....
#.# #..........#
#..... ..#
#########..#
##...# ### #..#
#..# #..# ##
#†.##.##.#
########..#..$..#
......)#.Op#.#.
...........5......
...###.##..#.#.###
#. #.....# #.
####.... #. #####
.. ##


You could see an ogre and a white imp (contam, misshapen).

Vanquished Creatures
  2 black bears
  An ogre (D:4)
  A centaur (D:4)
  3 wights (D:4)
  Crazy Yiuf (D:5)
  A hound (D:4)
  An orc priest (D:4)
  2 iguanas
  Natasha (thrice) (D:2)
  Robin (D:4)
  7 gnolls
  3 adders
  A shadow imp (D:4)
  2 ribbon worms
  2 dart slugs
  4 orcs
  8 ball pythons
  6 endoplasms
  2 giant cockroaches
  16 goblins
  7 hobgoblins
  7 jackals
  A quokka (D:2)
  8 bats
  3 frilled lizards
  6 kobolds
  3 rats
102 creatures vanquished.

Notes
Turn   | Place    | Note
-------+----------+-------------------------------------------
     0 | D:1      | AlterAsc the Spriggan Shapeshifter began the quest for the
                  | Orb.
     0 | D:1      | Reached XP level 1. HP: 9/9 MP: 2/2
    87 | D:1      | Reached skill level 1 in Fighting
    89 | D:1      | Reached XP level 2. HP: 13/14 MP: 3/3
   711 | D:2      | Reached XP level 3. HP: 18/18 MP: 4/4
   974 | D:2      | Reached skill level 5 in Shapeshifting
  1117 | D:2      | Noticed Natasha
  1123 | D:2      | Killed Natasha
  1124 | D:2      | Reached XP level 4. HP: 22/22 MP: 5/5
  1412 | D:2      | Found a broken altar of Ashenzari.
  1523 | D:2      | HP: 1/22 [gnoll/+0 spear (7)]
  1722 | D:2      | Reached skill level 6 in Shapeshifting
  1910 | D:2      | Noticed Natasha
  1921 | D:2      | Killed Natasha
  1922 | D:2      | Reached XP level 5. HP: 14/25 MP: 6/6
  2019 | D:2      | Noticed Natasha
  2033 | D:2      | Killed Natasha
  3136 | D:2      | Found a broken altar of Ashenzari.
  3651 | D:3      | Found a transporter.
  3679 | D:3      | Found a transporter.
  3689 | D:3      | Found a shimmering altar of Xom.
  4328 | D:4      | Noticed a centaur
  4329 | D:4      | Noticed a black bear
  4340 | D:4      | Killed a centaur
  4341 | D:4      | Reached XP level 6. HP: 19/30 MP: 7/7
  4458 | D:4      | Reached XP level 7. HP: 26/35 MP: 8/8
  4464 | D:4      | Reached skill level 7 in Shapeshifting
  4544 | D:4      | Reached skill level 5 in Dodging
  4560 | D:4      | Noticed Robin
  4616 | D:5      | Entered Level 5 of the Dungeon
  4812 | D:4      | Killed Robin
  5344 | D:5      | Found Uddyhapp's Armour Emporium.
  5345 | D:5      | Found Fiugaeng's Assorted Antiques.
  5480 | D:5      | Found Ethroa's Assorted Antiques.
  5492 | D:5      | Noticed Prince Ribbit
  5650 | D:5      | Found a runed translucent door.
  5651 | D:5      | Noticed Crazy Yiuf
  5671 | D:5      | Killed Crazy Yiuf
  5704 | D:5      | Identified the +8 hammer "Xiroce Huog" {venom, rN+ SInv}
  5824 | D:5      | Killed from afar by a white imp

Illustrated notes

Levels and vault maps discovered:
D:1:      dpeg_arrival_rhombi, layout_basic
D:2:      layout_basic, basic_altar, nicolae_underground_beach, uniq_natasha
D:3:      gammafunk_wand_slinger, layout_basic, xom_butterflies,
          minmay_misc_feat_nine_boxes
D:4:      layout_basic, uniq_robin
D:5:      layout_loops_ring, serial_shops, nicolae_shop_tiny_real_fake_doors,
          shop, nicolae_square_shop, nicolae_shop_crystal, shop,
          uniq_prince_ribbit1, uniq_crazy_yiuf_cottage, uniq_ijyb

Skill      XL: |  1  2  3  4  5  6  7 |
---------------+----------------------+-----
Fighting       | 1 2 3 |  3.3
Dodging        | 3 4 6 |  6.0
Shapeshifting  | 5 6 7 |  7.0
Unarmed Combat | 3 4 |  4.6

Action                     |  1- 3 |  4- 6 |  7- 9 || total
---------------------------+-------+-------+-------++-------
  Melee: Unarmed           |   103 |   166 |   114 ||   383
         Punch             |     4 |       |       ||     4
    Use: Scroll            |       |       |     1 ||     1
   Stab: Sleeping          |     1 |       |       ||     1
 Armour: Animal skin       |    34 |    17 |       ||    51
         Skin              |       |    27 |    33 ||    60
  Dodge: Dodged            |    65 |   157 |    91 ||   313
   Form: Flux              |       |     2 |       ||     2
         Beast             |       |     1 |       ||     1
